 Dungeon Crawl Stone Soup version 0.27.0-1-g7a089689b8 (webtiles) character file.

Game seed: 6967337045984738848

1729 robertstho the Magician (level 9, -1/62 HPs)
             Began as a Djinni Fire Elementalist on Aug 16, 2021.
             Slain by a wraith (8 damage)
             ... on level 6 of the Dungeon.
             The game lasted 00:09:39 (6833 turns).

robertstho the Magician (Djinni Fire Elementalist)  Turns: 6833, Time: 00:09:40

Health: -1/62      AC:  7    Str: 10    XL:     9   Next: 25%
Gold:   309        EV: 12    Int: 20    God:
                   SH:  5    Dex: 20

rFire    + + +     SeeInvis +   o - +2 dagger (venom)
rCold    . . .     Faith    .   (no shield)
rNeg     . . .     Spirit   .   y - +1 leather armour {rF+}
rPois    ∞         Reflect  +   s - +1 helmet
rElec    .         Harm     .   C - +0 cloak
rCorr    .         Rampage  .   (no gloves)
Will     .....                  (boots unavailable)
Stlth    +++.......             k - amulet of reflection
HPRegen  0.20/turn              l - ring of see invisible
MPRegen  0.00/turn              h - ring "Talilob" {rPois rC+ Str+3 Dex+6 Stlth+}

@: flying, slowed, very slow
A: sickness immunity, fire resistance 2, cold vulnerability 1, float, innate
caster, hp casting, extra vitality 1
a: no special abilities


You were on level 6 of the Dungeon.
You visited 2 branches of the dungeon, and saw 7 of its levels.
You also visited: Sewer.

You collected 309 gold pieces.

Inventory:

Hand Weapons
 o - a +2 dagger of venom (weapon)
 p - a +1 dagger of protection
Missiles
 x - a throwing net
Armour
 s - a +1 helmet (worn)
 y - a +1 leather armour of fire resistance (worn)
 C - a +0 cloak (worn)
Jewellery
 h - the ring "Talilob" (right hand) {rPois rC+ Str+3 Dex+6 Stlth+}
   (You acquired it on level 3 of the Dungeon)

   [ring of dexterity]

   Str:       It affects your strength (+3).
   Dex:       It affects your dexterity (+6).
   rC:        It protects you from cold.
   rPois:     It protects you from poison.
   Stlth:     It makes you more stealthy.
 k - an amulet of reflection (around neck)
 l - a ring of see invisible (left hand)
Wands
 a - a wand of digging (7)
 b - a wand of paralysis (9)
 r - a wand of mindburst (19)
 B - a wand of polymorph (9)
Scrolls
 c - a scroll of enchant armour
 e - 3 scrolls of enchant weapon
 g - 2 scrolls of blinking
 A - a scroll of teleportation
Potions
 d - a potion of heal wounds
 f - a potion of berserk rage
 j - a potion of resistance
 m - 2 potions of haste {unknown}
 n - 5 potions of might {unknown}
 t - 2 potions of degeneration {unknown}
 u - a potion of lignification {unknown}
 v - a potion of ambrosia {unknown}
 w - a potion of curing {unknown}
 z - a potion of brilliance {unknown}


   Skills:
 * Level 3.6 Fighting
 + Level 2.7 Armour
 + Level 2.7 Dodging
 + Level 2.6 Stealth
 + Level 0.9 Shields
 * Level 7.8 Spellcasting


You couldn't memorise any spells.
You knew the following spells:

 Your Spells              Type           Power      Damage    Failure   Level
a - Foxfire               Conj/Fire      100%       2x1d9     1%          1
b - Conjure Flame         Conj/Fire      39%        6-21      1%          3
c - Inner Flame           Hex/Fire       39%        N/A       1%          3
d - Sticky Flame          Conj/Fire      39%        2d6       4%          4
e - Fireball              Conj/Fire      19%        3d9       13%         5
f - Sting                 Tmut/Pois      100%       1d8       1%          1
g - Blink                 Tloc           N/A        N/A       1%          2
h - Portal Projectile     Hex/Tloc       78%        N/A       1%          3
i - Animate Dead          Necr           19%        N/A       4%          4
Your spell library was empty.

Dungeon Overview and Level Annotations

Branches:
Dungeon (6/15)             Temple (1/1) D:5           Sewer (visited)

Altars:
Ashenzari
Dithmenos
Elyvilon
Fedhas
Kikubaaqudgha
Makhleb
Nemelex Xobeh
Okawaru
Ru
Trog
Uskayaw
Vehumet
Yredelemnul
The Shining One

Shops:
D:1 [   D:5 *


Innate Abilities, Weirdness & Mutations

You are immune to sickness and miasma.
You are immune to poison.
Your flesh is very heat resistant. (rF++)
You are vulnerable to cold. (rC-)
You float through the air rather than walking.
You learn spells naturally, not from books.
Your magical power is your life essence.
You have superior vitality. (+4 HP)


Message History

The foxfire hits the wraith but does no damage.
The wraith is almost destroyed.
The foxfire hits the wraith but does no damage.
The wraith is almost destroyed.
The wraith hits you! The wraith drains your vigour!
You feel yourself slow down.
Casting: Foxfire (safe; 1% risk of failure)
Press: ? - help, Q - select action, (/) - cycle Dir - look around, f - activate You conjure some foxfire!
The foxfire hits the wraith.
The wraith is almost destroyed.
The foxfire hits the wraith.
The wraith is almost destroyed.
The wraith hits you.
* * * LOW HITPOINT WARNING * * *
The wraith hits you!
* * * LOW HITPOINT WARNING * * *
The wraith drains your vigour!
You feel as though you will be slow longer.
The foxfire hits the wraith but does no damage.
The wraith is almost destroyed.
The foxfire hits the wraith.
The wraith is almost destroyed.
Unknown command.
Casting: Foxfire (safe; 1% risk of failure)
Confirm with . or Enter, or press ? or * to list all spells.
Okay, then.
Casting: Foxfire (safe; 1% risk of failure)
Press: ? - help, Q - select action, (/) - cycle Dir - look around, f - activate You conjure some foxfire!
* * * LOW HITPOINT WARNING * * *
The wraith barely misses you. x2
Unknown command.
The foxfire hits the wraith but does no damage.
The wraith is almost destroyed.
The foxfire hits the wraith but does no damage.
The wraith is almost destroyed.
Unknown command.
The wraith hits you!
You die...

#. #...(.....
#.##.........
..#.........
#.#...).....
#.#.).......
#....$......
##†.........
#W§........
#@####.####
#.# .# #.# #
#.# #.#
#.......#
#.###.......#
#..##.......#
##.##.......#
#.##.......#


You could see a wraith.

Vanquished Creatures
  Grinder (D:3)
  Eustachio (D:5)
  2 centaurs
  3 ogres
  4 kobold brigands (Sewer)
  A jelly (D:5)
  A howler monkey (D:6)
  2 bullfrog zombies (D:5)
  3 hounds
  An orc priest (D:5)
  Crazy Yiuf (D:5)
  A bullfrog skeleton (D:5)
  An iguana (D:4)
  Ijyb (D:5)
  4 orc wizards (D:5)
  A hound skeleton (D:4)
  Robin (D:3)
  7 adders
  4 gnolls (D:5)
  A river rat (Sewer)
  An adder skeleton (D:4)
  6 worms
  11 orcs
  13 ball pythons
  5 bats
  6 endoplasms
  2 giant cockroaches (D:2)
  12 goblins
  3 hobgoblins
  A quokka (D:4)
  A frilled lizard (D:3)
  10 kobolds
  4 rats
116 creatures vanquished.

Vanquished Creatures (collateral kills)
  2 foxfires
2 creatures vanquished.

Vanquished Creatures (others)
  575 foxfires
575 creatures vanquished.

Grand Total: 693 creatures vanquished

Notes
Turn   | Place    | Note
-------+----------+-------------------------------------------
     0 | D:1      | robertstho the Djinni Fire Elementalist began the quest for
                  | the Orb.
     0 | D:1      | Reached XP level 1. HP: 15/15 MP: 0/0
   287 | D:1      | Reached XP level 2. HP: 17/21 MP: 0/0
   363 | D:1      | Found Gittusue's Antique Armour Shoppe.
   386 | D:1      | Found a faded altar of an unknown god.
  1212 | D:2      | Reached skill level 3 in Spellcasting
  1508 | D:2      | Found a sacrificial altar of Ru.
  1627 | D:2      | Reached XP level 3. HP: 20/25 MP: 0/0
  1627 | D:2      | Learned a level 1 spell: Sting
  2005 | D:3      | Identified a scroll of acquirement
  2005 | D:3      | Acquired the ring "Talilob" {rPois rC+ Str+3 Dex+6 Stlth+}
  2042 | D:3      | Found a glowing drain.
  2053 | Sewer    | Entered a sewer
  2148 | Sewer    | Reached XP level 4. HP: 27/31 MP: 0/0
  2631 | Sewer    | Reached skill level 1 in Armour
  2636 | Sewer    | Noticed a kobold brigand
  2640 | Sewer    | Killed a kobold brigand
  2641 | Sewer    | Reached skill level 1 in Fighting
  2641 | Sewer    | Reached skill level 4 in Spellcasting
  2641 | Sewer    | Reached XP level 5. HP: 31/37 MP: 0/0
  2641 | Sewer    | Learned a level 2 spell: Blink
  2883 | Sewer    | Noticed a kobold brigand
  2897 | Sewer    | Killed a kobold brigand
  2898 | Sewer    | Reached XP level 6. HP: 36/42 MP: 0/0
  3194 | Sewer    | Reached XP level 7. HP: 40/48 MP: 0/0
  3194 | Sewer    | Learned a level 3 spell: Portal Projectile
  3307 | D:3      | Reached skill level 5 in Spellcasting
  3388 | D:3      | Noticed Grinder
  3393 | D:3      | Noticed Robin
  3483 | D:3      | Killed Robin
  3495 | D:3      | Killed Grinder
  3654 | D:3      | Found a burning altar of Makhleb.
  3916 | D:3      | Found a sparkling altar of Nemelex Xobeh.
  4426 | D:4      | Found a glowing golden altar of the Shining One.
  4671 | D:4      | Reached XP level 8. HP: 47/55 MP: 0/0
  4714 | D:4      | Reached skill level 6 in Spellcasting
  4956 | D:5      | Entered Level 5 of the Dungeon
  5148 | D:5      | Noticed Eustachio
  5157 | D:5      | Killed Eustachio
  5159 | D:5      | Noticed Ijyb
  5167 | D:5      | Killed Ijyb
  5465 | D:5      | Reached skill level 7 in Spellcasting
  5544 | D:5      | Found Zeusydix's Overcharged Wands.
  5571 | D:5      | Reached XP level 9. HP: 53/60 MP: 0/0
  5571 | D:5      | Learned a level 4 spell: Animate Dead
  5635 | D:5      | Found a staircase to the Ecumenical Temple.
  5699 | D:5      | Found a broken altar of Ashenzari.
  5920 | Temple   | Entered the Ecumenical Temple
  6463 | D:5      | Found a runed translucent door.
  6464 | D:5      | Noticed Crazy Yiuf
  6583 | D:5      | Killed Crazy Yiuf
  6833 | D:6      | Slain by a wraith

Illustrated notes

Levels and vault maps discovered:
D:1:      eino_arrival_water_cross, layout_loops_ring, serial_shops, shop,
          ebering_ecumenical_altar_webs
D:2:      layout_basic, basic_altar
D:3:      layout_rooms, mainiacjoe_overflow_alcove_2, lemuel_doored_altar,
          cheibrodos_sewer_entry_sluice, kennysheep_potato, uniq_grinder,
          uniq_robin
D:4:      layout_basic, mainiacjoe_overflow_alcove_4, minmay_door_square
D:5:      layout_basic, mainiacjoe_overflow_concentric_impassable,
          minmay_temple_entry_trees, nicolae_shop_overcharged_wands,
          uniq_eustachio, uniq_crazy_yiuf_cottage, uniq_ijyb
D:6:      minmay_recursive_quarters, layout_basic, uniq_maggie
Temple:   compressed_dpeg_triangle_lava_temple

Skill      XL: |  1  2  3  4  5  6  7  8 |
---------------+-------------------------+-----
Spellcasting   | 3 4 5 7 |  7.8
Armour         | 1 2 |  2.7
Fighting       | 1 2 3 |  3.6
Stealth        | 2 |  2.6
Dodging        | |  2.7
Shields        | |  0.9

Action                   |  1- 3 |  4- 6 |  7- 9 || total
-------------------------+-------+-------+-------++-------
Melee: Dagger            |       |       |     7 ||     7
 Cast: Foxfire           |    70 |    75 |   217 ||   362
       Sticky Flame      |       |       |     6 ||     6
  Use: Scroll            |     5 |       |     5 ||    10
Armor: Leather armour    |     2 |     1 |    13 ||    16
Dodge: Dodged            |     6 |       |    25 ||    31
Block: Other             |     1 |       |    16 ||    17
       Reflection        |       |       |     3 ||     3
